 Dungeon Crawl Stone Soup version 0.29.1-1-gd02db6906a (webtiles) character file.

Game seed: 13922955992447203973

188 sleeves the Magician (level 6, -2/46 HPs)
             Began as a Djinni Air Elementalist on Sept 26, 2022.
             Killed from afar by a white imp (16 damage)
             ... with a puff of frost
             ... on level 6 of the Dungeon.
             The game lasted 00:05:55 (3789 turns).

sleeves the Magician (Djinni Air Elementalist)      Turns: 3789, Time: 00:05:56

Health: -2/46      AC:  3    Str:  7    XL:     6   Next: 0%
Gold:   154        EV: 16    Int: 19    God:
                   SH:  0    Dex: 13

rFire   + + .      SeeInvis .   l - staff of conjuration
rCold   x . .      Faith    .   (no shield)
rNeg    . . .      Spirit   .   a - +1 robe
rPois   ∞          Reflect  .   (no helmet)
rElec   .          Harm     .   (no cloak)
rCorr   .          Rampage  .   (no gloves)
Will    .....                   (boots unavailable)
Stlth   ++........              (no amulet)
HPRegen 0.15/turn               e - +4 ring of evasion
MPRegen 0.00/turn               (no ring)

@: about to teleport, flying
A: sickness immunity, fire resistance 2, cold vulnerability 1, float, innate
caster, HP casting, extra vitality 1
a: no special abilities


You were on level 6 of the Dungeon.
You visited 1 branch of the dungeon, and saw 6 of its levels.

You collected 154 gold pieces.

Inventory:

Hand Weapons
 g - a +3 dagger of flaming
   (You took it off a kobold on level 1 of the Dungeon)
Armour
 a - a +1 robe (worn)
Magical Staves
 i - a staff of fire
   (You found it on level 2 of the Dungeon)
 l - a staff of conjuration (weapon)
   (You found it on level 2 of the Dungeon)
Jewellery
 e - a +4 ring of evasion (left hand)
   (You found it on level 1 of the Dungeon)
 w - a ring of fire
   (You found it on level 3 of the Dungeon)
Scrolls
 c - 4 scrolls of blinking {unknown}
 d - a scroll of fear
 f - a scroll of identify {unknown}
 j - a scroll of noise {unknown}
 m - a scroll of acquirement {unknown}
 p - a scroll of amnesia {unknown}
 q - a scroll of immolation
 r - a scroll of enchant armour
 t - a scroll of teleportation
 u - 2 scrolls of poison
Potions
 b - 2 potions of curing {unknown}
 h - 3 potions of lignification {unknown}
 k - 3 potions of haste {unknown}
 n - 2 potions of flight {unknown}
 o - 2 potions of brilliance {unknown}
 s - a potion of heal wounds {unknown}
 v - a potion of attraction {unknown}
 x - a potion of berserk rage {unknown}


   Skills:
 + Level 3.1 Fighting
 - Level 2.1 Dodging
 - Level 1.5 Stealth
 + Level 4.0 Spellcasting


You couldn't memorise any spells.
You knew the following spells:

 Your Spells              Type           Power      Damage    Failure   Level
a - Shock                 Conj/Air       100%       1d9       2%          1
b - Static Discharge      Conj/Air       28%        3-7/arc   4%          2
c - Swiftness             Air            19%        N/A       8%          3
d - Airstrike             Air            9%         2d(2-18)  26%         4
e - Beastly Appendage     Tmut           38%        N/A       2%          1
f - Wereblood             Tmut           19%        N/A       4%          2
Your spell library was empty.

Dungeon Overview and Level Annotations

Branches:
Dungeon (6/15)
 Temple: D:4-7

Altars:

Annotations:
D:1 1 runed translucent door
D:5 Dowan, Duvessa


Innate Abilities, Weirdness & Mutations

You are immune to sickness and miasma.
You are immune to poison.
Your flesh is very heat resistant. (rF++)
You are vulnerable to cold. (rC-)
You float through the air rather than walking.
You learn spells naturally, not from books.
Your magical power is your life essence.
You have superior vitality. (+4 MHP)


Message History

You feel a surge of power!
The zap hits Terence.
You kill Terence!
You have reached level 4!
You feel clever.
Things that are here:
a +0 hand axe; a +0 scale mail HP restored.
As you open the door, it creaks loudly!
There is an open door here.
You reach down and open the door.
There is an open door here.
A rat comes into view.
A rat is nearby!
You feel a surge of power!
The zap hits the rat.
You kill the rat!
You now have 62 gold pieces (gained 11).
A goblin comes into view. It is wielding a +0 club.
A goblin is nearby!
A goblin is nearby!
A goblin is nearby!
A goblin is nearby!
You feel a surge of power!
The zap hits the goblin!
You kill the goblin!
You now have 71 gold pieces (gained 9).
You now have 78 gold pieces (gained 7).
Found a scale mail.
Found a ring mail.
You see here a +0 scale mail.
A rat comes into view.
A rat is nearby!
You feel a surge of power!
The zap hits the rat.
You kill the rat!
k - 3 bubbling amethyst potions (gained 1)
You now have 85 gold pieces (gained 7).
You reach down and open the door.
There is an open door here.
You now have 94 gold pieces (gained 9).
A goblin comes into view. It is wielding a +0 club.
Found 8 gold pieces.
A goblin is nearby!
A goblin is nearby!
You feel a surge of power!
The zap hits the goblin!
You kill the goblin!
You see here a +0 club.
You now have 102 gold pieces (gained 8).
r - 2 scrolls labelled ONIURU CISTRIN (gained 1)
A hobgoblin comes into view.
A hobgoblin is nearby!
A hobgoblin is nearby!
A hobgoblin is nearby!
You feel a surge of power!
The zap hits the hobgoblin.
The hobgoblin is almost dead.
The hobgoblin shouts!
You feel a surge of power!
The zap misses the hobgoblin.
A hobgoblin is nearby!
A hobgoblin is nearby!
A hobgoblin is nearby!
A hobgoblin is nearby!
You feel a surge of power!
The zap hits the hobgoblin but does no damage.
The hobgoblin is almost dead.
A hobgoblin is nearby!
A hobgoblin is nearby!
A hobgoblin is nearby!
A hobgoblin is nearby!
You feel a surge of power!
The zap hits the hobgoblin!
You kill the hobgoblin!
You reach down and open the door.
Found an escape hatch in the ceiling.
There is an open door here.
You now have 107 gold pieces (gained 5).
As you open the door, it creaks loudly!
Found a mace.
There is an open door here.
You now have 120 gold pieces (gained 13).
Found a stone staircase leading down.
d - 2 scrolls labelled UZXOUM AJUTHEOGAS (gained 1)
You now have 131 gold pieces (gained 11).
Found a chain mail.
You see here a +0 chain mail.
Found a stone staircase leading up.
You reach down and open the door.
There is an open door here.
There is an open door here.
You see here a +0 mace.
Found a leather armour.
You see here a +0 leather armour.
There is a stone staircase leading down here.
u - 2 scrolls labelled CAUBO NUZUU (gained 1)
A gnoll comes into view. It is wielding a +0 flail.
A gnoll is nearby!
A gnoll is nearby!
You feel a surge of power!
The zap hits the gnoll.
The gnoll is lightly wounded.
The gnoll shouts!
You hear an angry hiss.
Casting: Shock (safe; 3% risk of failure)
Confirm with . or Enter, or press ? or * to list all spells.
Aiming: Shock (safe; 3% risk of failure)
Press: ? - help, Shift-Dir - straight line, p - gnoll You feel a surge of power!
The zap hits the gnoll.
The gnoll is moderately wounded.
You feel a surge of power!
The zap hits the gnoll!
You kill the gnoll!
A gnoll comes into view. It is wielding a +0 club.
You feel a surge of power!
The zap hits the gnoll.
The gnoll is lightly wounded.
The gnoll shouts!
You feel a surge of power!
The zap hits the gnoll!
You kill the gnoll!
Your Fighting skill increases to level 2!
A gnoll comes into view. It is wielding a +0 halberd.
Casting: Shock (safe; 3% risk of failure)
Confirm with . or Enter, or press ? or * to list all spells.
Aiming: Shock (safe; 3% risk of failure)
Press: ? - help, Shift-Dir - straight line, f - gnoll
Aim: a gnoll, wielding a +0 halberd (wandering, hasn't noticed you, 77% to hit)
You feel a surge of power!
The zap hits the gnoll.
The gnoll is moderately wounded.
The gnoll shouts!
Casting: Shock (safe; 3% risk of failure)
Confirm with . or Enter, or press ? or * to list all spells.
Aiming: Shock (safe; 3% risk of failure)
Press: ? - help, Shift-Dir - straight line, f/p - gnoll
Aim: a gnoll, wielding a +0 halberd (moderately wounded, 77% to hit)
You feel a surge of power!
The zap misses the gnoll.
Casting: Shock (safe; 3% risk of failure)
Confirm with . or Enter, or press ? or * to list all spells.
Aiming: Shock (safe; 3% risk of failure)
Press: ? - help, Shift-Dir - straight line, p - gnoll You feel a surge of power!
The zap hits the gnoll.
The gnoll is severely wounded.
You feel a surge of power!
The zap hits the gnoll!
You kill the gnoll!
A ball python comes into view.
The ball python moves out of view.
Items here: )) ††.
An endoplasm comes into view.
The endoplasm moves out of view.
A ball python is nearby!
You feel a surge of power!
The zap hits the ball python!
You kill the ball python!
You see here a +0 club.
Found a stone staircase leading down.
An endoplasm is nearby!
An endoplasm is nearby!
You feel a surge of power!
The zap hits the endoplasm!
You kill the endoplasm!
You have reached level 5!
The power to cast Wereblood wells up from within.
Spell assigned to 'f'.
You need no library to learn spells.
v - a glowing orange potion An orc comes into view.
It is wielding a +0 falchion.
The orc shouts!
You hear a shout!
An orc is nearby!
You need no library to learn spells.
You feel a surge of power!
The zap hits the orc!
You kill the orc!
An orc comes into view. It is wielding a +0 dagger.
An orc comes into view. It is wielding a +0 hand axe.
You feel a surge of power!
The zap hits the orc.
The orc is moderately wounded.
The zap hits the orc.
The orc is lightly wounded.
You feel a surge of power!
The zap hits the orc.
The orc is severely wounded.
You feel a surge of power!
The zap hits the orc.
The orc is almost dead.
The zap hits the orc!
You kill the orc!
You feel a surge of power!
The zap hits the orc.
You kill the orc!
An orc wizard comes into view. It is wielding a +1 dagger of speed.
An orc wizard is nearby!
An orc wizard is nearby!
You feel a surge of power!
The zap hits the orc wizard!
The orc wizard is heavily wounded.
You feel a surge of power!
The zap hits the orc wizard!
You kill the orc wizard!
Things that are here:
a +0 dagger; an orc corpse
Things that are here:
a +1 dagger of speed; a +0 robe; a +0 hand axe
Things that are here:
a +0 falchion; an orc corpse You reach down and open the door.
Found an escape hatch in the floor.
There is an open door here.
You reach down and open the door.
There is an open door here.
You now have 141 gold pieces (gained 10).
There is an open door here.
You reach down and open the door.
There is an open door here.
Key pressed, stopping explore.
You see here a +0 chain mail.
Key pressed, stopping explore.
Found a stone staircase leading up.
There is a stone staircase leading up here.
t - 2 scrolls labelled CUTZAS OXIYPH (gained 1)
You reach down and open the door.
There is an open door here.
You see here a +0 scale mail.
Key pressed, stopping explore.
Things that are here:
a +0 hand axe; a +0 scale mail
There is an open door here.
There is an open door here.
Partly explored, can't reach some places.
Partly explored, can't reach some places.
Partly explored, can't reach some places.
Partly explored, can't reach some places.
(D) Dungeon
Where to? (Enter - D:3, ? - help)
There is an open door here.
There is an escape hatch in the floor here.
You reach down and open the door.
There is an open door here.
There is a stone staircase leading down here.
You fly downwards.
The goblin shouts!
There is a stone staircase leading up here.
There are monsters nearby!
The orc shouts!
You hear a shout!
You fly upwards.
There is a stone staircase leading down here.
There is an open door here.
There is an escape hatch in the floor here.
There is an open door here.
You hit the bush but do no damage. You hit the bush but do no damage.
You hit the bush but do no damage. You hit the bush but do no damage.
You hit the bush but do no damage. You hit the bush but do no damage.
Casting: Shock (safe; 3% risk of failure)
Confirm with . or Enter, or press ? or * to list all spells.
You can't see any susceptible monsters within range! (Use Z to cast anyway.) Unknown command.
Casting: Shock (safe; 3% risk of failure)
Confirm with . or Enter, or press ? or * to list all spells.
Aiming: Shock (safe; 3% risk of failure)
Press: ? - help, Shift-Dir - straight line, f - bush
Aim: a bush (100% to hit)
You feel a surge of power!
The zap hits the bush.
The bush is lightly damaged.
Casting: Shock (safe; 3% risk of failure)
Confirm with . or Enter, or press ? or * to list all spells.
Aiming: Shock (safe; 3% risk of failure)
Press: ? - help, Shift-Dir - straight line, f - you, p - bush You feel a surge of power!
That beam is likely to hit you.
Continue anyway? [Y]es or [N]o only, please.
That beam is likely to hit you.
Continue anyway?
Okay, then.
Your +3 dagger of flaming bursts into flame!
g - a +3 dagger of flaming (weapon)
You hit the bush but do no damage.
The bush is lightly damaged.
You hit the bush but do no damage.
The bush is lightly damaged.
You completely miss the bush.
The bush is lightly damaged.
You hit the bush but do no damage.
The bush is lightly damaged.
You hit the bush but do no damage.
The bush is lightly damaged.
You hit the bush but do no damage.
The bush is lightly damaged.
You hit the bush. You burn the bush.
The bush is lightly damaged.
You hit the bush. You burn the bush.
The bush is lightly damaged.
You hit the bush but do no damage.
The bush is lightly damaged.
You hit the bush but do no damage.
The bush is lightly damaged.
You hit the bush but do no damage.
The bush is lightly damaged.
You hit the bush. You burn the bush.
The bush is lightly damaged.
You hit the bush but do no damage.
The bush is lightly damaged.
You hit the bush but do no damage.
The bush is lightly damaged.
You hit the bush but do no damage.
The bush is lightly damaged.
You hit the bush but do no damage.
The bush is lightly damaged.
You hit the bush. You burn the bush.
The bush is moderately damaged.
You hit the bush. You burn the bush.
The bush is moderately damaged.
You hit the bush but do no damage.
The bush is moderately damaged.
You hit the bush but do no damage.
The bush is moderately damaged.
You hit the bush but do no damage.
The bush is moderately damaged.
You hit the bush but do no damage.
The bush is moderately damaged.
You hit the bush but do no damage.
The bush is moderately damaged.
You hit the bush. You burn the bush.
The bush is moderately damaged.
You completely miss the bush.
The bush is moderately damaged.
You hit the bush but do no damage.
The bush is moderately damaged.
You hit the bush but do no damage.
The bush is moderately damaged.
You hit the bush but do no damage.
The bush is moderately damaged.
You completely miss the bush.
The bush is moderately damaged.
You hit the bush but do no damage.
The bush is moderately damaged.
You hit the bush but do no damage.
The bush is moderately damaged.
You hit the bush but do no damage. You punch the bush.
The bush is moderately damaged.
You hit the bush. You burn the bush.
The bush is heavily damaged.
You hit the bush but do no damage.
The bush is heavily damaged.
You hit the bush. You burn the bush.
The bush is heavily damaged.
You hit the bush but do no damage. You punch the bush, but do no damage.
The bush is heavily damaged.
You hit the bush. You burn the bush.
The bush is heavily damaged.
You hit the bush. You burn the bush.
The bush is heavily damaged.
You hit the bush but do no damage.
The bush is heavily damaged.
You hit the bush but do no damage.
The bush is heavily damaged.
You hit the bush but do no damage.
The bush is heavily damaged.
You hit the bush but do no damage.
The bush is heavily damaged.
You hit the bush but do no damage.
The bush is heavily damaged.
You hit the bush. You burn the bush.
The bush is severely damaged.
You hit the bush. You burn the bush.
The bush is severely damaged.
You hit the bush but do no damage.
The bush is severely damaged.
You hit the bush but do no damage.
The bush is severely damaged.
You hit the bush but do no damage.
The bush is severely damaged.
You hit the bush but do no damage.
The bush is severely damaged.
You hit the bush. You burn the bush.
The bush is severely damaged.
You hit the bush but do no damage.
The bush is severely damaged.
You hit the bush but do no damage.
The bush is severely damaged.
You hit the bush but do no damage.
The bush is severely damaged.
You hit the bush but do no damage.
The bush is severely damaged.
You hit the bush but do no damage.
The bush is severely damaged.
You hit the bush but do no damage.
The bush is severely damaged.
You completely miss the bush.
The bush is severely damaged.
You hit the bush but do no damage.
The bush is severely damaged.
You hit the bush. You burn the bush.
The bush is severely damaged.
You hit the bush but do no damage.
The bush is severely damaged.
You hit the bush. You burn the bush.
The bush is severely damaged.
You hit the bush but do no damage.
The bush is severely damaged.
You hit the bush but do no damage.
The bush is severely damaged.
You hit the bush. You burn the bush.
The bush is severely damaged.
You hit the bush but do no damage.
The bush is severely damaged.
You hit the bush but do no damage.
The bush is severely damaged.
You hit the bush. You burn the bush.
The bush is almost destroyed.
You hit the bush. You burn the bush.
The bush is almost destroyed.
You hit the bush. You burn the bush. You punch the bush, but do no damage.
The bush is almost destroyed.
You hit the bush but do no damage.
The bush is almost destroyed.
You hit the bush but do no damage.
The bush is almost destroyed.
You hit the bush but do no damage.
The bush is almost destroyed.
You hit the bush. You burn the bush.
The bush is almost destroyed.
You hit the bush. You burn the bush.
The bush is almost destroyed.
You hit the bush but do no damage.
The bush is almost destroyed.
You hit the bush but do no damage.
The bush is almost destroyed.
You completely miss the bush.
The bush is almost destroyed.
You hit the bush. You burn the bush.
You destroy the bush!
Found a large tourmaline ring.
w - a ring of fire You hit the plant.
The plant begins to die.
You burn the plant.
The plant is lightly damaged.
You hit the plant. You burn the plant.
The plant is lightly damaged.
You hit the plant but do no damage.
The plant is lightly damaged.
You hit the plant but do no damage.
The plant is lightly damaged.
A nearby plant withers and dies.
You hit the bush but do no damage. You hit the bush but do no damage.
You hit the bush. You burn the bush.
The bush is lightly damaged.
You hit the bush but do no damage.
The bush is lightly damaged.
You hit the bush but do no damage.
The bush is lightly damaged.
You hit the bush but do no damage.
The bush is lightly damaged.
You hit the bush but do no damage.
The bush is lightly damaged.
You hit the bush but do no damage.
The bush is lightly damaged.
You hit the bush but do no damage.
The bush is lightly damaged.
You hit the bush but do no damage.
The bush is lightly damaged.
You hit the bush but do no damage.
The bush is lightly damaged.
You hit the bush but do no damage.
The bush is lightly damaged.
You hit the bush but do no damage.
The bush is lightly damaged.
You hit the bush but do no damage.
The bush is lightly damaged.
You hit the bush but do no damage.
The bush is lightly damaged.
You hit the bush but do no damage.
The bush is lightly damaged.
You hit the bush but do no damage.
The bush is lightly damaged.
You hit the bush but do no damage.
The bush is lightly damaged.
You hit the bush but do no damage.
The bush is lightly damaged.
You hit the bush but do no damage.
The bush is lightly damaged.
You hit the bush but do no damage.
The bush is lightly damaged.
You hit the bush but do no damage.
The bush is lightly damaged.
You hit the bush but do no damage.
The bush is lightly damaged.
You hit the bush but do no damage.
The bush is lightly damaged.
You hit the bush but do no damage.
The bush is lightly damaged.
You hit the bush but do no damage.
The bush is lightly damaged.
You hit the bush but do no damage.
The bush is lightly damaged.
You hit the bush but do no damage.
The bush is lightly damaged.
You hit the bush but do no damage.
The bush is lightly damaged.
You hit the bush but do no damage.
The bush is lightly damaged.
You hit the bush but do no damage.
The bush is lightly damaged.
You completely miss the bush.
The bush is lightly damaged.
You hit the bush but do no damage.
The bush is lightly damaged.
You hit the bush but do no damage.
The bush is lightly damaged.
You hit the bush but do no damage.
The bush is lightly damaged.
You hit the bush but do no damage.
The bush is lightly damaged.
You hit the bush but do no damage.
The bush is lightly damaged.
You hit the bush but do no damage.
The bush is lightly damaged.
You hit the bush but do no damage.
The bush is lightly damaged.
You hit the bush but do no damage.
The bush is lightly damaged.
You hit the bush but do no damage.
The bush is lightly damaged.
You hit the bush but do no damage.
The bush is lightly damaged.
You completely miss the bush.
The bush is lightly damaged.
You hit the bush but do no damage.
The bush is lightly damaged.
You hit the bush but do no damage.
The bush is lightly damaged.
You hit the bush but do no damage.
The bush is lightly damaged.
You hit the bush but do no damage.
The bush is lightly damaged.
You hit the bush but do no damage.
The bush is lightly damaged.
You hit the bush but do no damage.
The bush is lightly damaged.
You hit the bush. You burn the bush.
The bush is lightly damaged.
You hit the bush. You burn the bush.
The bush is lightly damaged.
You hit the bush but do no damage.
The bush is lightly damaged.
You hit the bush. You burn the bush.
The bush is lightly damaged.
You hit the bush. You burn the bush.
The bush is lightly damaged.
You hit the bush but do no damage.
The bush is lightly damaged.
You hit the bush but do no damage.
The bush is lightly damaged.
You hit the bush but do no damage.
The bush is lightly damaged.
You hit the bush. You burn the bush.
The bush is lightly damaged.
You hit the bush but do no damage.
The bush is lightly damaged.
You hit the bush but do no damage.
The bush is lightly damaged.
You hit the bush but do no damage.
The bush is lightly damaged.
You hit the bush but do no damage.
The bush is lightly damaged.
You hit the bush but do no damage.
The bush is lightly damaged.
You hit the bush but do no damage.
The bush is lightly damaged.
You hit the bush. You burn the bush.
The bush is moderately damaged.
You hit the bush. You burn the bush.
The bush is moderately damaged.
You hit the bush but do no damage.
The bush is moderately damaged.
You hit the bush but do no damage.
The bush is moderately damaged.
You hit the bush but do no damage.
The bush is moderately damaged.
You hit the bush but do no damage.
The bush is moderately damaged.
You hit the bush but do no damage.
The bush is moderately damaged.
You hit the bush. You burn the bush.
The bush is moderately damaged.
You hit the bush but do no damage.
The bush is moderately damaged.
You hit the bush. You burn the bush.
The bush is moderately damaged.
You hit the bush but do no damage.
The bush is moderately damaged.
You hit the bush but do no damage.
The bush is moderately damaged.
You hit the bush but do no damage.
The bush is moderately damaged.
You hit the bush. You burn the bush.
The bush is moderately damaged.
You hit the bush but do no damage.
The bush is moderately damaged.
You hit the bush. You burn the bush.
The bush is moderately damaged.
You hit the bush but do no damage.
The bush is moderately damaged.
You hit the bush but do no damage.
The bush is moderately damaged.
You hit the bush but do no damage.
The bush is moderately damaged.
You hit the bush. You burn the bush.
The bush is moderately damaged.
You hit the bush but do no damage.
The bush is moderately damaged.
You hit the bush but do no damage.
The bush is moderately damaged.
You hit the bush but do no damage.
The bush is moderately damaged.
You hit the bush but do no damage.
The bush is moderately damaged.
You hit the bush but do no damage.
The bush is moderately damaged.
You hit the bush but do no damage.
The bush is moderately damaged.
You hit the bush. You burn the bush.
The bush is moderately damaged.
You hit the bush but do no damage.
The bush is moderately damaged.
You hit the bush but do no damage.
The bush is moderately damaged.
You hit the bush but do no damage.
The bush is moderately damaged.
You hit the bush but do no damage.
The bush is moderately damaged.
You hit the bush but do no damage.
The bush is moderately damaged.
You hit the bush. You burn the bush.
The bush is heavily damaged.
You hit the bush. You burn the bush.
The bush is heavily damaged.
You hit the bush but do no damage.
The bush is heavily damaged.
You hit the bush but do no damage.
The bush is heavily damaged.
You hit the bush but do no damage.
The bush is heavily damaged.
You hit the bush. You burn the bush.
The bush is heavily damaged.
You hit the bush. You burn the bush.
The bush is heavily damaged.
You hit the bush. You burn the bush.
The bush is heavily damaged.
You hit the bush. You burn the bush.
The bush is heavily damaged.
You hit the bush but do no damage.
The bush is heavily damaged.
You hit the bush but do no damage.
The bush is heavily damaged.
You hit the bush but do no damage.
The bush is heavily damaged.
You hit the bush. You burn the bush.
The bush is heavily damaged.
You hit the bush. You burn the bush. You punch the bush, but do no damage.
The bush is heavily damaged.
You hit the bush but do no damage.
The bush is heavily damaged.
You hit the bush. You burn the bush.
The bush is severely damaged.
You hit the bush. You burn the bush.
The bush is severely damaged.
You hit the bush but do no damage.
The bush is severely damaged.
You hit the bush. You burn the bush.
The bush is severely damaged.
You hit the bush but do no damage.
The bush is severely damaged.
You hit the bush but do no damage.
The bush is severely damaged.
You hit the bush. You burn the bush.
The bush is severely damaged.
You hit the bush but do no damage.
The bush is severely damaged.
You hit the bush but do no damage.
The bush is severely damaged.
You hit the bush. You burn the bush.
The bush is almost destroyed.
You completely miss the bush.
The bush is almost destroyed.
You hit the bush but do no damage.
The bush is almost destroyed.
You hit the bush but do no damage.
The bush is almost destroyed.
You hit the bush but do no damage.
The bush is almost destroyed.
You hit the bush. You burn the bush.
The bush is almost destroyed.
You hit the bush but do no damage.
The bush is almost destroyed.
You hit the bush but do no damage.
The bush is almost destroyed.
You hit the bush but do no damage.
The bush is almost destroyed.
You hit the bush but do no damage.
The bush is almost destroyed.
You hit the bush but do no damage.
The bush is almost destroyed.
You hit the bush but do no damage.
The bush is almost destroyed.
You hit the bush but do no damage.
The bush is almost destroyed.
You hit the bush but do no damage.
The bush is almost destroyed.
You hit the bush but do no damage.
The bush is almost destroyed.
You hit the bush but do no damage.
The bush is almost destroyed.
You hit the bush but do no damage.
The bush is almost destroyed.
You hit the bush but do no damage.
The bush is almost destroyed.
You hit the bush but do no damage.
The bush is almost destroyed.
You hit the bush. You burn the bush.
The bush is almost destroyed.
You hit the bush but do no damage.
The bush is almost destroyed.
You hit the bush but do no damage.
The bush is almost destroyed.
You hit the bush but do no damage.
The bush is almost destroyed.
You hit the bush but do no damage.
The bush is almost destroyed.
You hit the bush but do no damage.
The bush is almost destroyed.
You hit the bush but do no damage.
The bush is almost destroyed.
You hit the bush but do no damage.
The bush is almost destroyed.
You hit the bush. You burn the bush.
The bush is almost destroyed.
You hit the bush but do no damage.
The bush is almost destroyed.
You hit the bush but do no damage.
The bush is almost destroyed.
You hit the bush but do no damage.
The bush is almost destroyed.
You hit the bush but do no damage.
The bush is almost destroyed.
You hit the bush. You burn the bush.
The bush is almost destroyed.
You hit the bush but do no damage.
The bush is almost destroyed.
You hit the bush but do no damage.
The bush is almost destroyed.
You hit the bush but do no damage.
The bush is almost destroyed.
You hit the bush but do no damage.
The bush is almost destroyed.
You hit the bush but do no damage.
The bush is almost destroyed.
You hit the bush but do no damage.
The bush is almost destroyed.
You hit the bush but do no damage.
The bush is almost destroyed.
You hit the bush but do no damage.
The bush is almost destroyed.
You hit the bush but do no damage.
The bush is almost destroyed.
You hit the bush. You burn the bush.
The bush is almost destroyed.
You hit the bush but do no damage.
The bush is almost destroyed.
You hit the bush but do no damage.
The bush is almost destroyed.
You hit the bush but do no damage.
The bush is almost destroyed.
You hit the bush but do no damage.
The bush is almost destroyed.
You hit the bush but do no damage.
The bush is almost destroyed.
You hit the bush but do no damage.
The bush is almost destroyed.
You hit the bush. You burn the bush.
You destroy the bush!
Partly explored, can't reach some places.
Partly explored, can't reach some places.
There is an open door here.
There is an open door here.
There is a stone staircase leading down here.
Unknown command.
e - a +4 ring of evasion (left hand)
You fly downwards.
There is a stone staircase leading up here.
Found a stone staircase leading down.
You see here 13 gold pieces.
A goblin is nearby!
The zap hits the goblin.
You kill the goblin!
HP restored.
You now have 154 gold pieces (gained 13).
x - a green potion A ball python comes into view.
The zap hits the ball python.
The ball python is severely wounded.
The zap hits the ball python.
You kill the ball python!
An orc comes into view. It is wielding a +0 hand axe.
An orc is nearby!
The zap hits the orc.
You kill the orc!
A giant cockroach comes into view.
A giant cockroach is nearby!
A giant cockroach is nearby!
The zap misses the giant cockroach.
A giant cockroach is nearby!
The zap hits the giant cockroach.
The giant cockroach is moderately wounded.
The zap misses the giant cockroach.
A giant cockroach is nearby!
A giant cockroach is nearby!
That beam is likely to hit you.
Continue anyway?
The zap misses the giant cockroach. x2; The zap misses you.
That beam is likely to hit you.
Continue anyway?
The zap hits the giant cockroach.
The giant cockroach is heavily wounded.
The zap misses the giant cockroach.
The zap misses you.
The giant cockroach barely misses you. x2
That beam is likely to hit you.
Continue anyway?
The zap hits the giant cockroach.
You kill the giant cockroach!
The zap misses you.
An orc is nearby!
An orc is nearby!
An orc is nearby!
The zap hits the orc.
The orc is almost dead.
The orc shouts!
The zap hits the orc.
You kill the orc!
Found 6 stones.
Things that are here:
a +0 dagger; a +0 chain mail
Found 7 stones.
You see here a ball python corpse.
You see here 6 stones.
A giant cockroach comes into view.
Found a scroll labelled CAUBO NUZUU.
The zap hits the giant cockroach.
You kill the giant cockroach!
h - 3 fuming emerald potions (gained 2)
Found a leather armour.
u - 3 scrolls labelled CAUBO NUZUU (gained 1)
You see here a giant cockroach corpse.
A kobold comes into view. It is wielding a +0 short sword.
A kobold is nearby!
The zap hits the kobold.
The kobold is heavily wounded.
The kobold shouts!
The zap hits the kobold.
You kill the kobold!
An endoplasm comes into view.
Your +3 dagger of flaming stops flaming.
l - a staff of conjuration (weapon)
The endoplasm quivers.
You feel a surge of power!
The zap hits the endoplasm.
The endoplasm is severely wounded.
A dart slug comes into view.
You feel a surge of power!
The zap hits the endoplasm.
You kill the endoplasm!
The zap hits the dart slug.
The dart slug is heavily wounded.
You feel a surge of power!
The zap hits the dart slug!
You kill the dart slug! 2 orcs come into view.
Found a stone staircase leading down.
The orc shouts!
An orc comes into view. It is wielding a +0 hand axe.
The orc moves out of view.
You see here a ring of magical power.
You feel a surge of power!
The zap hits the orc!
You kill the orc!
The orc shouts!
You hear a shout!
You feel a surge of power!
The zap hits the orc!
You kill the orc!
An orc comes into view. It is wielding a +0 hand axe.
You feel a surge of power!
The zap misses the orc.
You hear a shout!
You feel a surge of power!
The zap hits the orc.
The orc is almost dead.
You feel a surge of power!
The zap hits the orc.
You kill the orc!
You feel a surge of power!
The zap hits the orc.
The orc is moderately wounded.
You feel a surge of power!
The zap hits the orc.
You kill the orc!
An adder comes into view.
You feel a surge of power!
The zap hits the adder.
The adder is lightly wounded.
The adder hisses angrily.
You feel a surge of power!
The zap hits the adder.
The adder is heavily wounded.
You feel a surge of power!
The zap hits the adder.
The adder is almost dead.
You feel a surge of power!
The zap hits the adder!
You kill the adder!
A ball python comes into view.
A ball python is nearby!
A ball python is nearby!
You feel a surge of power!
The zap hits the ball python.
You kill the ball python!
Key pressed, stopping explore.
You see here a +0 leather armour.
You see here a ball python corpse.
A sourceless malevolence fills the Dungeon...
You are sucked into a shaft and drop 1 floor!
The shaft crumbles and collapses.
Unknown command.
Unknown command.
You reach down and open the door.
There is an open door here.
You reach down and open the door.
There is an open door here.
You see here a +1 pair of boots.
You reach down and open the door.
There is an open door here.
Found a stone staircase leading down.
Found a robe.
Duvessa and Dowan come into view.
Duvessa is wielding a +0 short sword and wearing a +3 leather armour of fire resistance.
Found 13 gold pieces.
Dowan shouts!
There is a stone staircase leading down here.
Unknown command.
Okay, then.
You fly downwards.
Found an escape hatch in the ceiling.
There is a stone staircase leading up here.
The orc wizard shouts!
The orc wizard gestures at you while chanting.
You resist with some effort.
You hear a shout! x2
You start waiting.
An orc wizard is nearby!
Casting: Shock (safe; 2% risk of failure)
Confirm with . or Enter, or press ? or * to list all spells.
Aiming: Shock (safe; 2% risk of failure)
Press: ? - help, Shift-Dir - straight line, f - orc wizard
Aim: an orc wizard, wielding a +2 dagger of distortion and wearing a +0 robe (67% to hit)
You feel a surge of power!
The zap hits the orc wizard.
The orc wizard is lightly wounded.
Casting: Shock (safe; 2% risk of failure)
Confirm with . or Enter, or press ? or * to list all spells.
You don't know that spell.
Casting: Shock (safe; 2% risk of failure)
Confirm with . or Enter, or press ? or * to list all spells.
Aiming: Shock (safe; 2% risk of failure)
Press: ? - help, Shift-Dir - straight line, p - orc wizard You feel a surge of power!
The zap hits the orc wizard!
The orc wizard is severely wounded.
The zap hits the orc wizard.
The orc wizard is severely wounded.
Casting: Shock (safe; 2% risk of failure)
Confirm with . or Enter, or press ? or * to list all spells.
Aiming: Shock (safe; 2% risk of failure)
Press: ? - help, Shift-Dir - straight line You feel a surge of power!
The zap misses the orc wizard.
The orc wizard hits you with a +2 dagger of distortion.
Space warps horribly around you!!
Ouch! That really hurt!
* * * LOW HITPOINT WARNING * * *
Casting: Shock (safe; 2% risk of failure)
Confirm with . or Enter, or press ? or * to list all spells.
Aiming: Shock (safe; 2% risk of failure)
Press: ? - help, Shift-Dir - straight line
Okay, then.
Casting: Shock (safe; 2% risk of failure)
Confirm with . or Enter, or press ? or * to list all spells.
Aiming: Shock (safe; 2% risk of failure)
Press: ? - help, Shift-Dir - straight line You feel a surge of power!
The zap hits the orc wizard!
You kill the orc wizard!
* * * LOW HITPOINT WARNING * * *
Your Fighting skill increases to level 3!
Your Spellcasting skill increases to level 4!
You have reached level 6!
Things that are here:
a +2 dagger of distortion; a +0 robe; an orc corpse You start resting.
An orc wizard comes into view. It is wielding a +0 dagger.
A scorpion comes into view.
Okay, then.
Okay, then.
As you read the scroll labelled UZXOUM AJUTHEOGAS, it crumbles to dust.
You assume a fearsome visage.
The orc wizard looks frightened!
The scorpion looks frightened!
It was a scroll of fear.
The orc wizard gestures wildly while chanting.
The orc wizard flickers and vanishes!
Deactivating autopickup; reactivate with Ctrl-A.
An orc is nearby!
An orc is nearby!
An orc is nearby!
A white imp comes into view.
The white imp shouts!
As you read the scroll labelled ONIURU CISTRIN, it crumbles to dust.
It is a scroll of enchant armour.
Your +0 robe glows green for a moment.
The air fills with toxic fumes!
As you read the scroll labelled CAUBO NUZUU, it crumbles to dust.
It was a scroll of poison.
As you read the scroll labelled CUTZAS OXIYPH, it crumbles to dust.
You feel strangely unstable.
It was a scroll of teleportation.
Casting: Shock (safe; 2% risk of failure)
Confirm with . or Enter, or press ? or * to list all spells.
Aiming: Shock (safe; 2% risk of failure)
Press: ? - help, Shift-Dir - straight line, f - white imp
Aim: a white imp (poison gas, 74% to hit)
You feel a surge of power!
The zap hits the white imp but does no damage.
* * * LOW HITPOINT WARNING * * *
The white imp gestures at you. The puff of frost hits you!
You feel a terrible chill!
You die...

#....<.....#§§#
#.......o..#§§#
#........o.#.§#
#..........#§§#
#...o......#5§#
#..........#§§#
#.##...o......#§§#
.......<..{# #@§#
#######.##.# #§§#
#.##.# #§§# #.##.#
#o§# #.o..# #§§#
#.##.####§§#####
#.##.o..§§§§.....
#.#.....§§§§####.
#.#..####.#.#


You could see a white imp and an orc.

Vanquished Creatures
  2 orc wizards
  Terence (D:3)
  3 gnolls (D:3)
  2 adders
  A dart slug (D:4)
  9 orcs
  7 ball pythons
  6 endoplasms
  2 giant cockroaches (D:4)
  5 goblins
  3 hobgoblins
  3 kobolds
  3 quokkas
  3 bats
  A frilled lizard (D:1)
  4 rats
  2 bushes (D:3)
57 creatures vanquished.

Vanquished Creatures (others)
  A plant (D:3)
1 creature vanquished.

Grand Total: 58 creatures vanquished

Notes
Turn   | Place    | Note
-------+----------+-------------------------------------------
     0 | D:1      | sleeves the Djinni Air Elementalist began the quest for the
                  | Orb.
     0 | D:1      | sleeves set off with the following spells memorised: Shock,
                  | Static Discharge, Swiftness, Airstrike.
     0 | D:1      | Reached XP level 1. HP: 15/15 MP: 0/0
     2 | D:1      | Found a runed translucent door.
   298 | D:1      | Reached XP level 2. HP: 20/21 MP: 0/0
   822 | D:1      | Reached skill level 3 in Spellcasting
  1423 | D:2      | Reached XP level 3. HP: 23/25 MP: 0/0
  1423 | D:2      | Learned a level 1 spell: Beastly Appendage
  1453 | D:2      | Found a faded altar of an unknown god.
  1743 | D:2      | Reached skill level 1 in Fighting
  1871 | D:3      | Noticed Terence
  1893 | D:3      | Killed Terence
  1894 | D:3      | Reached XP level 4. HP: 27/32 MP: 0/0
  2383 | D:3      | Reached skill level 2 in Fighting
  2471 | D:3      | Reached XP level 5. HP: 37/38 MP: 0/0
  2471 | D:3      | Learned a level 2 spell: Wereblood
  3620 | D:4      | You are sucked into a shaft and drop 1 floor!
  3620 | D:5      | Entered Level 5 of the Dungeon
  3747 | D:5      | Noticed Duvessa
  3747 | D:5      | Noticed Dowan
  3761 | D:6      | HP: 10/40 [orc wizard/+2 dagger of distortion (25)]
  3763 | D:6      | Reached skill level 3 in Fighting
  3763 | D:6      | Reached skill level 4 in Spellcasting
  3763 | D:6      | Reached XP level 6. HP: 11/46 MP: 0/0
  3789 | D:6      | Killed from afar by a white imp

Illustrated notes

Levels and vault maps discovered:
D:1:      dpeg_arrival_caged_fury, layout_loops_ring, minmay_liquid_box,
          chequers_serial_rivers_micro_d, minmay_misc_feat_square
D:2:      layout_rooms, hellmonk_ecumenical_altar_blasted
D:3:      layout_loops_corners, serial_forest, infiniplex_forest_straight_5,
          infiniplex_forest_corner_1, infiniplex_forest_end_3,
          infiniplex_forest_corner_2, infiniplex_forest_end_3,
          infiniplex_forest_straight_2, uniq_terence
D:4:      layout_cave_pools, roderic_serpentine_path
D:5:      layout_cave_pods, fountainhead, nicolae_zen_rock_garden,
          uniq_prince_ribbit1, uniq_duvessa
D:6:      layout_basic, temple_statues, kennysheep_generic_room_6

Skill      XL: |  1  2  3  4  5 |
---------------+----------------+-----
Spellcasting   | 3 4 |  4.0
Fighting       | 1 2 3 |  3.1
Dodging        | |  2.1
Stealth        | |  1.5

Action                   |  1- 3 |  4- 6 || total
-------------------------+-------+-------++-------
Melee: Dagger            |       |   252 ||   252
       Staff             |       |     6 ||     6
       Punch             |       |     4 ||     4
 Cast: Shock             |    56 |    62 ||   118
  Use: Scroll            |       |     4 ||     4
Armor: Robe              |     3 |       ||     3
Dodge: Dodged            |     7 |     5 ||    12
